 Dungeon Crawl Stone Soup version 0.27.0-1-g7a089689b8 (webtiles) character file.

Game seed: 13587647952119519369

1395 Ozzies the Fighter (level 8, -7/79 HPs)
             Began as a Minotaur Fighter on Aug 8, 2021.
             Was an Elder of Trog.
             Mangled by a vampire (8 damage)
             ... on level 5 of the Dungeon.
             The game lasted 00:12:33 (6115 turns).

Ozzies the Fighter (Minotaur Fighter)               Turns: 6115, Time: 00:12:34

Health: -7/79      AC:  8    Str: 24    XL:     8   Next: 41%
Magic:  7/7        EV: 12    Int:  5    God:    Trog [****..]
Gold:   106        SH:  0    Dex:  9    Spells: 7/7 levels left

rFire    . . .     SeeInvis .   a - +0 trident
rCold    . . .     Faith    .   c - +0 kite shield
rNeg     . . .     Spirit   .   b - +0 scale mail
rPois    .         Reflect  .   (helmet restricted)
rElec    .         Harm     .   (no cloak)
rCorr    .         Rampage  .   w - +0 pair of gloves
Will     .....                  (no boots)
Stlth    ..........             (no amulet)
HPRegen  0.23/turn              p - +4 ring of evasion
MPRegen  0.10/turn              (no ring)

@: confused
A: horns 2, retaliatory headbutt
a: Renounce Religion, Berserk, Trog's Hand, Brothers in Arms


You were on level 5 of the Dungeon.
You worshipped Trog.
Trog was greatly pleased with you.
You visited 1 branch of the dungeon, and saw 6 of its levels.
You also visited: Sewer.

You collected 177 gold pieces.
You spent 71 gold pieces at shops.

Inventory:

Hand Weapons
 a - a +0 trident (weapon)
Missiles
 f - 8 curare-tipped darts (quivered)
 l - 14 poisoned darts
Armour
 b - a +0 scale mail (worn)
 c - a +0 kite shield (worn)
 w - a +0 pair of gloves (worn)
Jewellery
 p - a +4 ring of evasion (left hand)
Wands
 k - a wand of charming (15)
 r - a wand of polymorph (1)
 x - a wand of iceblast (10)
Scrolls
 g - a scroll of noise {unknown}
 h - 2 scrolls of blinking {unknown}
 i - a scroll of holy word {unknown}
 j - 4 scrolls of teleportation {unknown}
 o - 6 scrolls of enchant armour {unknown}
 s - a scroll of immolation {unknown}
 t - 3 scrolls of fog {unknown}
 u - a scroll of fear {unknown}
Potions
 d - a potion of might {@q3 !q}
 e - a potion of cancellation
 m - 2 potions of haste {@q4 !q}
 n - a potion of mutation
 q - 2 potions of berserk rage
 v - a potion of attraction


   Skills:
 * Level 10.0 Fighting
 * Level 5.5 Polearms
 + Level 5.1 Armour
 + Level 2.7 Dodging
 + Level 5.2 Shields


You had 7 spell levels left.
You didn't know any spells.
Your spell library was empty.

Dungeon Overview and Level Annotations

Branches:
Dungeon (6/15)             Temple (0/1) D:5           Sewer (visited)

Altars:
Trog
The Shining One

Shops:
D:3 ?   D:5 =(?=

Annotations:
D:5 exclusion: downstairs


Innate Abilities, Weirdness & Mutations

You have a pair of horns on your head.
You reflexively headbutt those who attack you in melee.


Message History

Something bites you.
Something draws strength from your injuries!
You hear some strange, mumbled words.
You are confused.
You're too confused to attack without stumbling around!
You're too confused to attack without stumbling around!
You're too confused to attack without stumbling around!
You're too confused to attack without stumbling around!
You're too confused to attack without stumbling around!
You're too confused to attack without stumbling around!
You see here 21 stones.
You bump into the rock wall.
Something hits you but does no damage. Something bites you!
Something draws strength from your injuries!
You're too confused to move!
Something hits you but does no damage. Something bites you but does no damage.
Something hits you. Something bites you but does no damage.
You're too confused to move!
You feel less confused. You block something's attack. Something bites you.
* * * LOW HITPOINT WARNING * * *
Something draws strength from your injuries!
You see here 18 arrows.
You puncture something!
You hear some strange, mumbled words.
You are confused.
Something hits you!
* * * LOW HITPOINT WARNING * * *
Something bites you but does no damage.
You're too confused to attack without stumbling around!
You're too confused to attack without stumbling around!
You're too confused to attack without stumbling around!
You're too confused to attack without stumbling around!
You're too confused to attack without stumbling around!
You're too confused to attack without stumbling around!
You're too confused to attack without stumbling around!
You're too confused to attack without stumbling around!
You're too confused to attack without stumbling around!
You're too confused to attack without stumbling around!
You're too confused to attack without stumbling around!
You're too confused to attack without stumbling around!
You're too confused to attack without stumbling around!
You're too confused to attack without stumbling around!
You're too confused to attack without stumbling around!
You're too confused to attack without stumbling around!
You're too confused to attack without stumbling around!
You're too confused to attack without stumbling around!
You're too confused to attack without stumbling around!
You're too confused to attack without stumbling around!
You're too confused to attack without stumbling around!
You're too confused to attack without stumbling around!
You're too confused to attack without stumbling around!
You're too confused to attack without stumbling around!
You're too confused to attack without stumbling around!
You're too confused to attack without stumbling around!
You're too confused to attack without stumbling around!
You're too confused to attack without stumbling around!
You're too confused to attack without stumbling around!
You're too confused to attack without stumbling around!
You hit something. Your headbutt misses something. Something hits you.
* * * LOW HITPOINT WARNING * * *
Something bites you but does no damage.
It was a potion of attraction.
You feel attractive to monsters. Something hits you but does no damage.
Something bites you but does no damage.
You hit something but do no damage.
You feel less confused. Something draws life force from you.
* * * LOW HITPOINT WARNING * * *
Okay, then.
Okay, then.
Okay, then.
A vampire appears from thin air!
Reactivating autopickup.
You block the vampire's attack. The vampire barely misses you.
The vampire is pulled toward you! You block the vampire's attack.
The vampire closely misses you. The vampire is pulled toward you!
The vampire casts a spell at you. You resist with some effort.
The vampire is pulled toward you!
The vampire gestures wildly while chanting.
The vampire flickers and vanishes!
Deactivating autopickup; reactivate with Ctrl-A.
Something is pulled toward you!
You see here 18 arrows.
You feel less attractive to monsters. Something hits you.
* * * LOW HITPOINT WARNING * * *
Something bites you.
* * * LOW HITPOINT WARNING * * *
Something draws strength from your injuries!
You hear some strange, mumbled words.
You are confused.
You bump into the rock wall.
You bump into the rock wall.
Something barely misses you. Something bites you but does no damage.
You bump into the rock wall.
Something hits you!
* * * LOW HITPOINT WARNING * * *
Something bites you!
You die...

#<##.##......#.#
#.##.##......#.#
#.##.##......#.#
#.##.#####.###.#
#.##.#......##.#
#.##......#.##.#
#.####....#..#.#
#........∩##.#{#
######....##.#@#
#....##.#.#
#######.#.#
#.#.## ####....#
########
#.......#
.......#
#.......#
.......#
#.......#
.......#
#...#..[#


There were no monsters in sight!

Vanquished Creatures
  A yak (D:6)
  2 ice beasts (D:5)
  A sky beast (D:6)
  An ogre (D:4)
  A centaur (D:3)
  A bullfrog (D:5)
  A howler monkey (D:3)
  3 wights
  A crimson imp (D:4)
  A centaur zombie (D:5)
  A jelly (D:4)
  2 hounds
  Ijyb (D:3)
  An orc wizard (D:5)
  4 iguanas
  A gnoll (D:3)
  9 adders
  A river rat (D:4)
  A shadow imp (D:5)
  A white imp (D:5)
  3 ufetubi
  2 adder skeletons (D:4)
  4 worms
  A dart slug (D:3)
  6 orcs
  12 ball pythons
  5 bats
  5 endoplasms
  8 giant cockroaches
  6 goblins
  10 hobgoblins
  14 jackals
  7 quokkas
  7 frilled lizards
  A goblin zombie (D:4)
  2 hobgoblin zombies (D:4)
  14 kobolds
  4 orc skeletons (D:4)
  An orc zombie (D:4)
  11 rats
158 creatures vanquished.

Vanquished Creatures (others)
  14 plants (Sewer)
14 creatures vanquished.

Grand Total: 172 creatures vanquished

Notes
Turn   | Place    | Note
-------+----------+-------------------------------------------
     0 | D:1      | Ozzies the Minotaur Fighter began the quest for the Orb.
     0 | D:1      | Reached XP level 1. HP: 19/19 MP: 0/0
   227 | D:1      | Reached XP level 2. HP: 27/27 MP: 1/1
   250 | D:1      | Reached skill level 4 in Fighting
   440 | D:1      | Found a faded altar of an unknown god.
   596 | D:1      | Reached XP level 3. HP: 30/33 MP: 2/2
   834 | D:1      | Became a worshipper of Trog the Wrathful
   834 | D:1      | Reached * piety under Trog
   979 | D:2      | Reached skill level 5 in Fighting
  1008 | D:2      | Reached XP level 4. HP: 37/42 MP: 3/3
  1354 | D:2      | Reached ** piety under Trog
  1606 | D:3      | Found Tumuath's Magic Scroll Shoppe.
  1612 | D:3      | Bought a scroll of identify for 26 gold pieces
  1612 | D:3      | Bought a scroll of magic mapping for 45 gold pieces
  1663 | D:3      | Noticed Ijyb
  1957 | D:3      | Reached skill level 6 in Fighting
  2007 | D:3      | Noticed a centaur
  2013 | D:3      | Killed a centaur
  2014 | D:3      | Reached XP level 5. HP: 38/51 MP: 4/4
  2024 | D:3      | Reached skill level 7 in Fighting
  2334 | D:3      | Killed Ijyb
  2950 | D:4      | Noticed an ogre
  2963 | D:3      | Reached XP level 6. HP: 57/61 MP: 5/5
  3017 | D:4      | Found a glowing drain.
  3054 | Sewer    | Entered a sewer
  3100 | Sewer    | Reached skill level 8 in Fighting
  3416 | Sewer    | Reached *** piety under Trog
  4069 | D:4      | Found a glowing golden altar of the Shining One.
  4075 | D:4      | Reached skill level 9 in Fighting
  4114 | D:4      | Reached XP level 7. HP: 70/70 MP: 6/6
  4424 | D:5      | Entered Level 5 of the Dungeon
  4427 | D:5      | Found Jotec's Magic Scroll Shoppe.
  4806 | D:5      | Reached skill level 1 in Dodging
  5025 | D:5      | Found Woes's Weapon Shop.
  5292 | D:5      | Found Ytzip's Jewellery Shop.
  5404 | D:5      | Found Ymivyoc's Jewellery Emporium.
  5406 | D:5      | Found a staircase to the Ecumenical Temple.
  5718 | D:6      | Reached XP level 8. HP: 79/79 MP: 7/7
  5731 | D:6      | Reached skill level 5 in Polearms
  5748 | D:6      | Reached skill level 5 in Armour
  5748 | D:6      | Reached skill level 5 in Shields
  5764 | D:5      | Reached **** piety under Trog
  5765 | D:5      | Reached skill level 10 in Fighting
  6115 | D:5      | HP: 1/79 [something (10)]
  6115 | D:5      | Mangled by a vampire

Illustrated notes

Levels and vault maps discovered:
D:1:      matt_arrival_los_fun, layout_rooms,
          hellmonk_ecumenical_altar_lost_god, lemuel_another_geyser
D:2:      layout_rooms, minmay_cut_off
D:3:      layout_loops_ring, serial_shops, nicolae_shop_statue_plus,
          st_stairs_5, uniq_ijyb
D:4:      layout_rooms, nicolae_tso_besieged_by_evil, portal_sewer_entry_a
D:5:      layout_basic, temple_statues, serial_shops, shop, shop,
          nicolae_shop_waterfront, nicolae_shop_trees
D:6:      layout_rooms

Skill      XL: |  1  2  3  4  5  6  7  8 |
---------------+-------------------------+-----
Fighting       | 4 5 6 7 9 10 | 10.0
Armour         | 4 5 |  5.1
Shields        | 4 5 |  5.2
Polearms       | 3 4 5 |  5.5
Dodging        | 2 |  2.7

Action                   |  1- 3 |  4- 6 |  7- 9 || total
-------------------------+-------+-------+-------++-------
Melee: Trident           |   109 |   258 |   148 ||   515
       Headbutt          |    13 |    21 |    29 ||    63
       Unarmed           |       |    17 |       ||    17
Invok: Berserk           |       |     1 |       ||     1
  Use: Scroll            |       |     4 |     3 ||     7
       Potion            |       |       |     1 ||     1
Armor: Scale mail        |    60 |    95 |    54 ||   209
       Skin              |       |    11 |       ||    11
Dodge: Dodged            |    29 |    65 |    56 ||   150
Block: Kite shield       |    47 |   141 |    71 ||   259
